 Dungeon Crawl Stone Soup version bcrawl-1.12-11-gb93c957c58 (webtiles) character file.

Game seed: 18041228974302822989

135 BorisKarlOrff the Poker (level 4, -3/42 HPs)
             Began as a Minotaur Chaos Knight on June 22, 2019.
             Was a Plaything of Xom.
             Slain by a worm (4 damage)
             ... on level 3 of the Dungeon.
             The game lasted 00:06:05 (1667 turns).

BorisKarlOrff the Poker (Minotaur Chaos Knight)     Turns: 1667, Time: 00:06:05

Health: -3/42      AC:  7    Str: 16    XL:     4   Next: 96%
Magic:  0/3        EV: 10    Int:  9    God:    Xom [......]
Gold:   117        SH:  0    Dex: 15    Spells: 3/3 levels left

rFire    . . .     SeeInvis .   d - -3 mace (curse)
rCold    + . .     Gourm    .   (no shield)
rNeg     . . .     Faith    .   i - +0 scale mail
rPois    +         Spirit   +   (helmet restricted)
rElec    .         Reflect  .   (no cloak)
rCorr    .         Harm     .   (no gloves)
MR       .....                  (no boots)
Stlth    ..........             k - amulet of guardian spirit
HPRegen  0.14/turn              (no ring)
MPRegen  0.08/turn              (no ring)

@: slowed, very slow
A: retaliatory headbutt, horns 2, rugged brown scales 1, agile 2, cold
resistance 1, poison resistance, wild magic 2
a: Renounce Religion


You were on level 3 of the Dungeon.
You worshipped Xom.
You were a very special plaything of Xom.
You were full.

You visited 1 branch of the dungeon, and saw 3 of its levels.

You collected 117 gold pieces.

Inventory:

Hand Weapons
 a - a +2 spear of chaos
 d - a cursed -3 mace (weapon)
Armour
 i - a +0 scale mail (worn)
Jewellery
 k - an amulet of guardian spirit (around neck)
Potions
 f - a potion of magic
 g - a potion of mutation
Comestibles
 c - 7 rations {!d}


   Skills:
 + Level 4.5 Fighting
 + Level 1.6 Maces & Flails
 + Level 5.0 Polearms
 + Level 3.5 Armour
 + Level 1.7 Dodging


You had 3 spell levels left.
You didn't know any spells.
Your spell library was empty.

Dungeon Overview and Level Annotations

Branches:
Dungeon (3/12)

Altars:
Lugonu
Xom


Innate Abilities, Weirdness & Mutations

You reflexively headbutt those who attack you in melee.
You have a pair of horns on your head.
You are partially covered in rugged brown scales. (AC +1, +3% HP)
You are very agile. (Dex +4)
Your flesh is cold resistant. (rC+)
Your system is resistant to poisons. (rPois)
Your spells are harder to cast, but more powerful.


Message History

You feel less wooden.
Your +0 scale mail unmelds from your body.
The worm bites you but does no damage. The worm barely misses you.
You barely miss the worm.
The worm is severely wounded.
The worm bites you but does no damage. x2
You barely miss the worm.
The worm is moderately wounded.
The worm closely misses you. x2
You hit the worm but do no damage.
You headbutt the worm, but do no damage.
The worm is heavily wounded. "The weather's been a little too boring around here."
You hit the worm.
The worm is moderately wounded.
You are engulfed in seething chaos.
You feel yourself slow down. The worm bites you.
* * * LOW HITPOINT WARNING * * *
The worm bites you.
You die...

#..........# #..###.###.# #..#
#.# #.# ######..###+###.#
..........+_###.####
#######.###+###....############
#.# #.# #..#............#
#.###.###w.############.# .#
#......w@.## #.# .# ###########
#.# ## #.# #.# ######.# ##.##.
#....... #...#. #..###w# ......
######.)# #.. .....
........###..


You could see 2 worms.

Vanquished Creatures
  An orc priest (D:3)
  3 worms
  6 dart slugs
  6 leopard geckos
  7 orcs (D:3)
  5 bats
  A giant cockroach (D:3)
  4 goblins
  8 hobgoblins
  8 jackals
  6 kobolds
  A quokka (D:1)
  A ball python (D:1)
  4 frilled lizards
  5 rats
66 creatures vanquished.

Vanquished Creatures (collateral kills)
  2 bats (D:1)
2 creatures vanquished.

Grand Total: 68 creatures vanquished

Notes
Turn   | Place    | Note
-------+----------+-------------------------------------------
     0 | D:1      | BorisKarlOrff the Minotaur Chaos Knight began the quest for
                  | the Orb.
     0 | D:1      | Reached XP level 1. HP: 19/19 MP: 0/0
    36 | D:1      | Reached skill level 4 in Polearms
    45 | D:1      | XOM: summons 1 friendly demon
    49 | D:1      | Reached XP level 2. HP: 18/27 MP: 1/1
   248 | D:1      | XOM: cleaving
   252 | D:1      | Reached XP level 3. HP: 27/33 MP: 2/2
   346 | D:1      | XOM: cast spell 'Metabolic Englaciation'
   528 | D:1      | Gained mutation: You are agile. (Dex +2) [potion of
                  | mutation]
   528 | D:1      | Gained mutation: You are partially covered in rugged brown
                  | scales. (AC +1, +3% HP) [potion of mutation]
   611 | D:2      | XOM: scenery: create altars
   666 | D:2      | XOM: give mutations
   666 | D:2      | Gained mutation: You are very agile. (Dex +4) [Xom's grace]
   666 | D:2      | Gained mutation: Your spells are a little harder to cast,
                  | but a little more powerful. [Xom's grace]
   666 | D:2      | Gained mutation: Your flesh is cold resistant. (rC+) [Xom's
                  | grace]
   784 | D:2      | Reached XP level 4. HP: 4/42 MP: 3/3
  1210 | D:2      | XOM: fog
  1359 | D:3      | Reached skill level 1 in Maces & Flails
  1359 | D:3      | Reached skill level 5 in Polearms
  1499 | D:3      | XOM: 6-stop teleportation journey
  1519 | D:3      | HP: 2/42 [poisoned by a kobold]
  1527 | D:3      | HP: 1/42 [poisoned by a kobold]
  1538 | D:3      | XOM: scenery: create altars
  1598 | D:3      | Found a corrupted altar of Lugonu.
  1615 | D:3      | XOM: medium Fire miscast
  1635 | D:3      | XOM: give mutations
  1635 | D:3      | Gained mutation: Your system is resistant to poisons.
                  | (rPois) [Xom's grace]
  1635 | D:3      | Gained mutation: Your spells are harder to cast, but more
                  | powerful. [Xom's grace]
  1655 | D:3      | HP: 1/63 [worm (4)]
  1660 | D:3      | HP: 1/63 [worm (1)]
  1666 | D:3      | XOM: chaos cloud
  1667 | D:3      | HP: 1/42 [worm (1)]
  1667 | D:3      | Slain by a worm

Skill      XL: |  1  2  3  4 |
---------------+-------------+-----
Polearms       | 4 5 |  5.0
Fighting       | 4 |  4.5
Armour         | 3 |  3.5
Maces & Flails | 1 |  1.6
Dodging        | |  1.7

Action                   |  1- 3 |  4- 6 || total
-------------------------+-------+-------++-------
Melee: Spear             |    57 |       ||    57
       Headbutt          |    12 |    12 ||    24
       Mace              |    46 |    93 ||   139
  Use: Scroll            |     5 |     5 ||    10
       Potion            |     1 |     1 ||     2
  Eat: Ration            |       |     2 ||     2
Armor: Leather armour    |    27 |       ||    27
       Scale mail        |    32 |    22 ||    54
       Skin              |       |    27 ||    27
Dodge: Dodged            |    85 |    52 ||   137
